 Dungeon Sprint DCSS version 0.18.1-48-g4cf74bf (webtiles) character file.

1100000 kosy22 the Annihilator (level 13, -25/86 HPs)
             Began as a White Draconian Conjurer on Aug 19, 2016.
             Was a Follower of Makhleb.
             Annihilated by a meat berserker
             ... wielding a +9 battleaxe
              (65 damage)
             ... in the Dungeon (Sprint VIII: "Arena of Blood").
             The game lasted 00:00:58 (11 turns).

kosy22 the Annihilator (White Draconian Conjurer)     Turns: 11, Time: 00:00:59

Health: -25/86     AC:  8    Str: 11    XL:     13   Next: 69%
Magic:  4/29       EV: 20    Int: 16    God:    Makhleb [*.....]
Gold:   0          SH:  0    Dex: 16    Spells: 1 memorised, 36 levels left

rFire  . . .     SeeInvis .     i - +∞ Axe of Woe
rCold  + . .     Gourm    .     (armour unavailable)
rNeg   . . .     Faith    .     (shield currently unavailable)
rPois  .         Spirit   .     (helmet restricted)
rElec  .         Dismiss  .     (no cloak)
rCorr  .         Reflect  .     (no gloves)
SustAt .         Harm     .     (no boots)
MR     .....     NoTele   +     (no amulet)
Stlth  ++++......               (no ring)
                                (no ring)

@: very slightly contaminated, not resistant to hostile enchantments, stealthy
A: breathe frost, unfitting armour, cold resistance 1, cold-blooded, AC +8
a: Breathe Frost, Renounce Religion


You were in the Dungeon.
You worshipped Makhleb.
Makhleb was aware of your devotion.
You were not hungry.

You visited 1 branch

Inventory:

Hand Weapons
 i - the +∞ Axe of Woe (weapon)
   (You found it in the Dungeon)
Potions
 c - a potion of curing
 d - a potion of heal wounds
 e - a potion of haste
 f - 2 potions of magic
 g - a potion of berserk rage
Books
 a - a book of Conjurations

   Spells                             Type                      Level
   a - Magic Dart                     Conjuration                  1
   b - Searing Ray                    Conjuration                  2
   c - Dazzling Spray                 Conjuration/Hexes            3
   d - Fulminant Prism                Conjuration/Hexes            4
   e - Iskenderun's Mystic Blast      Conjuration                  4
   f - Iskenderun's Battlesphere      Conjuration/Charms           5
Comestibles
 b - a bread ration


   Skills:
 + Level 3.4 Axes
 + Level 11.8 Dodging
 + Level 11.9 Stealth
 + Level 12.6 Spellcasting
 O Level 27 Conjurations


You had 36 spell levels left.
You knew the following spells:

 Your Spells              Type           Power        Failure   Level  Hunger
a - Magic Dart            Conj           ####         0%          1    None


Dungeon Overview and Level Annotations

Branches:
Dungeon (1/1)

Altars:
Makhleb


Innate Abilities, Weirdness & Mutations

You can breathe waves of freezing cold.
You can buffet flying creatures when you breathe cold.
Your icy white scales are hard (AC +8).
Your body does not fit into most forms of armour.
Your flesh is cold resistant.
You are cold-blooded and may be slowed by cold attacks.


Message History

The meat berserker rages.
You hear a shout! x3
The bag of meat hits you with a +9 war axe. 2 ogres come into view.
You slash the bag of meat!
You hew the bag of meat savagely.
You kill the bag of meat!
Makhleb accepts your kill.
You feel better.
Your Axes skill gained 2 levels and is now at level 3!
Your Dodging skill gained 2 levels and is now at level 11!
Your Stealth skill gained 2 levels and is now at level 11!
Your Spellcasting skill gained 2 levels and is now at level 12!
You have mastered Conjurations!
You have reached level 13!
You hear a shout! x6
The meat berserker hits you with a +9 battleaxe!!!
Ouch! That really hurt!
The meat berserker hits you with a +9 battleaxe!!!
Ouch! That really hurt!
You die... o

.......... .. ........
... ......... ... #.
.....# ..#.. #.......#
..
......###.......###...
......)@O.o###........
...#..O)O.o._.........
#.O.....#.....#......
..o.o..O.#_.<._# .....
.#.......#.....# o...
...#........_..... ...
...........###........
......###.. .oo###...
#.. ...# .


You could see 5 meat berserkers and 5 bags of meat.

Vanquished Creatures
  3 orcs (D)
3 creatures vanquished.

Notes
Turn   | Place    | Note
--------------------------------------------------------------
     0 | D        | kosy22 the Draconian Conjurer began the quest for the Orb.
     0 | D        | Reached XP level 1. HP: 14/14 MP: 3/3
     3 | D        | Noticed a bag of meat
     4 | D        | Noticed a bag of meat
     4 | D        | Became a worshipper of Makhleb the Destroyer
     5 | D        | Noticed a bag of meat
     5 | D        | Noticed a bag of meat
     6 | D        | Noticed a meat berserker
     7 | D        | Noticed a meat berserker
     7 | D        | Noticed a bag of meat
     8 | D        | Killed a bag of meat
     8 | D        | Reached skill level 23 in Conjurations
     8 | D        | Reached XP level 2. HP: 20/20 MP: 3/11
     8 | D        | Reached XP level 3. HP: 26/26 MP: 3/13
     8 | D        | Reached XP level 4. HP: 33/33 MP: 3/14
     8 | D        | Reached XP level 5. HP: 38/38 MP: 3/16
     8 | D        | Reached XP level 6. HP: 45/45 MP: 3/17
     8 | D        | Your scales start taking on an icy white colour.
     8 | D        | Reached XP level 7. HP: 50/50 MP: 3/19
     8 | D        | Gained mutation: Your flesh is cold resistant. [White Draconian growth]
     8 | D        | Reached XP level 8. HP: 57/57 MP: 3/20
     8 | D        | Reached XP level 9. HP: 62/62 MP: 3/21
     8 | D        | Reached XP level 10. HP: 69/69 MP: 3/22
     8 | D        | Reached XP level 11. HP: 74/74 MP: 3/23
     9 | D        | Noticed a bag of meat
     9 | D        | Noticed a bag of meat
     9 | D        | Noticed a bag of meat
     9 | D        | Noticed a bag of meat
     9 | D        | Noticed a bag of meat
    10 | D        | Noticed a meat berserker
    10 | D        | Killed a bag of meat
    10 | D        | Reached * piety under Makhleb
    10 | D        | Reached skill level 1 in Axes
    10 | D        | Reached skill level 10 in Spellcasting
    10 | D        | Reached skill level 26 in Conjurations
    10 | D        | Reached XP level 12. HP: 62/81 MP: 3/26
    11 | D        | Noticed a meat berserker
    11 | D        | Noticed a meat berserker
    11 | D        | Killed a bag of meat
    11 | D        | Reached skill level 27 in Conjurations
    11 | D        | Reached XP level 13. HP: 86/86 MP: 3/29
    11 | D        | Annihilated by a meat berserker

Skill      XL: |  1  2  3  4  5  6  7  8  9 10 11 12 |
---------------+-------------------------------------+-----
Dodging        | 8 9 11 | 11.8
Stealth        | 7 9 11 | 11.9
Spellcasting   | 8 10 12 | 12.6
Conjurations   | 23 26 27 | 27.0
Axes           | 1 3 |  3.4

Action                   |  1- 3 |  4- 6 |  7- 9 | 10-12 | 13-15 || total
-------------------------+-------+-------+-------+-------+-------++-------
Melee: Executioner's axe |     1 |       |       |     2 |       ||     3
  Use: Scroll            |       |       |       |     1 |       ||     1
